[Event "Early-Titled-Tuesday-Blitz-April-02-2024"]
[Site "Chess.com"]
[Date "2024.04.02"]
[Round "5"]
[White "superchess02"]
[Black "Aslanov_Umid"]
[Result "1-0"]
[WhiteElo "2855"]
[BlackElo "2648"]
[TimeControl "180+1"]
[EndTime "8:57:01 PDT"]
[Termination "superchess02 won by checkmate"]

1. d4 d5 2. c4 e6 3. Nc3 Be7 4. Nf3 Nf6 5. Bg5 h6 6. Bh4 O-O 7. e3 b6 8. Qb3 Bb7 9. Bxf6 Bxf6 10. cxd5 Bxd5 11. Nxd5 Qxd5 12. Qxd5 exd5 13. g4 c5 14. h4 cxd4 15. g5 hxg5 16. hxg5 Be7 17. Bd3 g6 18. Rh4 Kg7 19. Ke2 Nc6 20. Bb5 d3+ 21.
Kd2 Na5 22. Kxd3 a6 23. Rah1 Bxg5 24. Nxg5 axb5 25. Rf4 Nc4 26. b3 Ne5+ 27. Kd4 Nc6+ 28. Kxd5 Ne7+ 29. Kd6 Nf5+ 30. Kc6 Rxa2 31. Kxb5 Rb2 32.
b4 Re8 33. Rh7+ Kf6 34. Ne4+ Ke6 35. Nc3 Nd6+ 36. Kxb6 Rb8+ 37. Kc5 Rc8+ 38. Kb6 Rxc3 39. Rd4 Rc4 40. Rxc4 Nxc4+ 41. Kc5 Ne5 42. b5 Nd3+ 43. Kc6 Rc2+ 44. Kb7 Nc5+ 45. Kb8 Rb2 46. Kc7 Na4 47. Kc6 Rc2+ 48. Kb7 Rc5 49. Ka6 Rd5 50. Rh4 Nc3 51.
b6 Rd6 52. Rc4 Nd5 53. Re4+ Kd7 54. Kb5 Nxb6 55. Kc5 Nd5 56. Rd4 Ke6 57. Re4+ Kd7 58.
Rd4 Ke6 59. e4 f5 60. exd5+ Ke5 61. f4+ Kf6 62. Kxd6 g5 63. fxg5+ Kxg5 64. Ke5 f4 65. Rxf4 Kg6 66. d6 Kg7 67. d7 Kg6 68. d8=Q Kh5 69.
Qg8 Kh6 70. Rh4# 1-0

[Event "Early-Titled-Tuesday-Blitz-April-02-2024"]
[Site "Chess.com"]
[Date "2024.04.02"]
[Round "5"]
[White "Irina_Mikhaylova"]
[Black "MikeSailer"]
[Result "0-1"]
[WhiteElo "2322"]
[BlackElo "2151"]
[TimeControl "180+1"]
[EndTime "8:57:01 PDT"]
[Termination "MikeSailer won by resignation"]

1. d4 d5 2. Nf3 Nf6 3. c4 Bf5 4.
cxd5 Bxb1 5. Rxb1 Qxd5 6. a3 Nc6 7. e3 O-O-O 8. Qc2 e6 9. Bc4 Qh5 10. Be2 Qg4 11. O-O Qe4 12. Qxe4 Nxe4 13. Bd3 Nd6 14. Bd2 h6 15. b4 g5 16. h3 Bg7 17. Rfc1 Kb8 18.
a4 f5 19. b5 Ne7 20. Bb4 Nd5 21. Ba3 Bf6 22. Rc2 h5 23. Ne5 Bxe5 24. dxe5 Nf7 25. Bb2 Nb4 26. Rc4 Nxd3 27. Bd4 Ndxe5 28. Rc2 g4 29. Rc5 Nd7 30. Rc2 gxh3 31. gxh3 Rhg8+ 32. Kh2 Rg6 33. f4 Rdg8 34. Rf1 e5 35. fxe5 Nfxe5 36. Rxf5 Re8 37. Rxh5 Nf7 38. Rf5 Nh6 39. Rf4 Nb6 40. Rh4 Nd5 41. Rh5 Nxe3 42. Bxe3 Rxe3 43. Rg2 Rxg2+ 44. Kxg2 Re6 45. Kg3 b6 46. Kf4 Rd6 47. Kg5 Nf7+ 48. Kf5 Nd8 49. Rh8 Kb7 50. h4 Rd7 51. h5 Nf7 52. Rh7 Nd6+ 53. Kg6 Rxh7 54.
Kxh7 c5 55. bxc6+ Kxc6 56. Kg6 Ne8 57. Kf7 Nd6+ 58. Kg6 Kd5 59. h6 Ke6 60. Kg7 Nf7 61. h7 a6 62. Kg6 b5 63. axb5 axb5 64. Kh5 b4 65. Kg4 b3 66. h8=Q Nxh8 0-1

[Event "Early-Titled-Tuesday-Blitz-April-02-2024"]
[Site "Chess.com"]
[Date "2024.04.02"]
[Round "5"]
[White "eljanov"]
[Black "Zakaryan_David"]
[Result "1-0"]
[WhiteElo "2889"]
[BlackElo "2660"]
[TimeControl "180+1"]
[EndTime "8:57:02 PDT"]
[Termination "eljanov won on time"]

1. Nf3 d5 2. g3 g6 3. Bg2 Bg7 4.
d4 Nf6 5. O-O O-O 6. c4 c6 7. Qb3 a5 8. Rd1 a4 9. Qb4 dxc4 10. Qxc4 Be6 11. Qd3 Bf5 12. Qa3 Qd6 13. Bf4 Qxa3 14. Nxa3 Be4 15. Nc4 Nbd7 16. Rac1 Nd5 17.
Bg5 h6 18. Bd2 Rfd8 19. Ba5 Re8 20. Be1 Red8 21. Ncd2 Bxf3 22. Nxf3 a3 23. b3 f5 24. h3 Kf7 25. g4 e5 26. gxf5 gxf5 27. dxe5 Nxe5 28. Nxe5+ Bxe5 29. Bxd5+ Rxd5 30. Rxd5 cxd5 31.
Rc5 Ke6 32. Kf1 Ra6 33. Bd2 h5 34. Ke1 Bd6 35. Rb5 Rc6 36. Kd1 b6 37. e3 Ke5 38.
f3 Ke6 39. f4 Bc5 40. Ke2 Kd7 41. b4 Bd6 42. Kd3 Ke6 43. Bc3 Bc7 44. Bd4 Kd6 45.
Be5+ Ke6 46. Bxc7 Rxc7 47. Rxb6+ Ke7 48. Ra6 Rc4 49. Rxa3 Rxb4 50. Rb3 Rc4 51. a3 Rc1 52. Kd4 Kd6 53. Rb6+ Kc7 54. Rh6 Rc4+ 55. Ke5 Re4+ 56.
Kxd5 Rxe3 57. Rxh5 Kd7 58. Rh7+ Ke8 59. a4 Ra3 60. Ra7 Re3 61. a5 Kd8 62. a6 Kc8 63.
Rf7 Kb8 64. Rxf5 Rxh3 65. Rf7 Ra3 66. Rf6 1-0

[Event "Early-Titled-Tuesday-Blitz-April-02-2024"]
[Site "Chess.com"]
[Date "2024.04.02"]
[Round "5"]
[White "rhwr"]
[Black "Misterfox120"]
[Result "0-1"]
[WhiteElo "2255"]
[BlackElo "2411"]
[TimeControl "180+1"]
[EndTime "8:57:02 PDT"]
[Termination "Misterfox120 won by resignation"]

1. e4 c6 2. d4 d5 3. Nc3 g6 4.
e5 f6 5. f4 Bg7 6. Nf3 Nh6 7.
Be2 Bg4 8. O-O Nf5 9. Kh1 Na6 10. Ne1 Bxe2 11. Nxe2 h5 12. c3 Qd7 13. Qd3 fxe5 14. fxe5 Kd8 15. Bg5 Nc7 16. Nf4 Qe8 17. e6 Rf8 18.
Nf3 Bf6 19. Rae1 Nd6 20. Nxg6 Rg8 21. Bxf6 Qxg6 22. Qxg6 Rxg6 23. Bh4 Rxe6 24. Ne5 Nce8 25. Nf7+ Kd7 26. Rxe6 Kxe6 27. Ne5 Nf6 28. h3 Nde4 29. Kh2 Rg8 30. Nf3 Rg6 31. Re1 Kd6 32. Ne5 Rg8 33.
Re2 Ke6 34. b3 Kd6 35. c4 e6 36. c5+ Kc7 37. Bxf6 Nxf6 38. Nf7 Rf8 39. Ng5 Re8 40. Rxe6 Rxe6 41. Nxe6+ Kd7 42. Nf4 Ke7 43. Ng6+ Kf7 44. Ne5+ Ke6 45. g4 hxg4 46. hxg4 Ne4 47. Kh3 Nc3 48. a3 Nb5 49. Nf3 Nxa3 50. Kh4 Nc2 51.
Kh5 Ne3 52. g5 Kf7 53. g6+ Kg7 54. Ng5 Kf6 55. Nh7+ Kg7 56. Ng5 Kf6 57. Nf3 a5 58. Kh6 Nf5+ 59. Kh7 Ng7 60. Ne5 Nf5 61. Ng4+ Kg5 62.
g7 Nxg7 63. Ne5 Nf5 64. Nf7+ Kf4 65. Nd6 Nxd4 66. Nxb7 Nxb3 67. Nd8 Nxc5 68. Nxc6 a4 69. Na5 a3 70. Nc6 a2 71. Nb4 a1=Q 72. Nxd5+ Ke5 0-1

[Event "Early-Titled-Tuesday-Blitz-April-02-2024"]
[Site "Chess.com"]
[Date "2024.04.02"]
[Round "5"]
[White "gorgeous1083"]
[Black "Ergali_Suleimen"]
[Result "1-0"]
[WhiteElo "2219"]
[BlackElo "2357"]
[TimeControl "180+1"]
[EndTime "8:57:02 PDT"]
[Termination "gorgeous1083 won by resignation"]

1. d4 Nf6 2. c4 e6 3. Nf3 d5 4.
Nc3 Be7 5. Bf4 O-O 6. e3 c5 7. cxd5 Nxd5 8. Nxd5 exd5 9. Be2 cxd4 10. Nxd4 Bb4+ 11. Kf1 Nc6 12. a3 Bd6 13. Bxd6 Qxd6 14. Rc1 Be6 15. h4 Rac8 16. g3 Ne5 17. Kg2 a6 18.
Qb3 Qd7 19. Rhd1 Bh3+ 20. Kg1 Bg4 21. Bxg4 Qxg4 22. Qxd5 Rxc1 23. Rxc1 Nd3 24. Rc7 Qd1+ 25. Kg2 Qd2 26. Qf5 Ne1+ 27. Kh3 g6 28. Qf6 Qd3 29. Nf3 Qf1+ 30. Kg4 Qb5 31. Ng5 Qe8 32.
h5 gxh5+ 33. Kxh5 Nd3 34. Kh6 Qe5 35. Qxe5 Nxe5 36. Nxh7 Rd8 37. Nf6+ Kf8 38. Rxb7 Rd6 39. Kg5 Nf3+ 40. Kf5 Rd2 41. Nd7+ Ke7 42. Ne5+ Ke8 43. Nxf3 Rxf2 44. Ke4 Rc2 45. Rb6 Rc4+ 46. Nd4 Rc7 47.
Rxa6 Re7+ 48. Kd3 Rb7 49. b4 f5 50. Ra5 f4 51. exf4 Rg7 52. Rc5 Rxg3+ 53. Kc4 Rxa3 54. b5 Kd7 55. Kd5 Ra1 56. b6 Rb1 57. Rb5 Rh1 58. b7 Rh5+ 59. f5 Rg5 60. b8=Q Rxf5+ 61. Kc4 Rf6 62. Qb7+ Ke8 63. Rc5 Rc6 64. Rxc6 1-0

[Event "Early-Titled-Tuesday-Blitz-April-02-2024"]
[Site "Chess.com"]
[Date "2024.04.02"]
[Round "5"]
[White "ChristianArca"]
[Black "TitanChess666"]
[Result "1/2-1/2"]
[WhiteElo "2664"]
[BlackElo "2518"]
[TimeControl "180+1"]
[EndTime "8:57:03 PDT"]
[Termination "Game drawn by repetition"]

1. d4 Nf6 2. c4 g6 3. Nc3 Bg7 4. e4 d6 5. Be2 O-O 6. Nf3 e5 7. O-O Nc6 8. Bg5 h6 9. Bh4 g5 10. Bg3 exd4 11. Nxd4 Nxe4 12. Nxc6 Nxc3 13. bxc3 bxc6 14.
f4 Rb8 15. Bd3 f5 16. Qd2 Qf6 17. Rac1 g4 18. Rfe1 Bd7 19. Qf2 c5 20. Bh4 Qg6 21.
Re7 Rf7 22. Rce1 Bf6 23. Bxf6 Qxf6 24. Rxf7 Kxf7 25. h3 gxh3 26. Be2 Bc6 27. Bh5+ Kg7 28. Qg3+ Kh8 29. Qxh3 Rg8 30. Re2 Be4 31. Bf3 Bd3 32.
Re3 Bxc4 33. a3 Bf7 34. Kh2 Re8 35. Rxe8+ Bxe8 36. Bd5 Bf7 37. Bxf7 Qxf7 38. Qh4 Kh7 39. Qd8 Qg7 40. Qb8 Qxc3 41. Qxc7+ Kg8 42. Qb8+ Kg7 43. Qxd6 Qxa3 44. Qe7+ Kg6 45. Qe6+ Kg7 46. Qe5+ Kg8 47. Qe6+ Kg7 48. Qe5+ Kg8 49. Qxf5 Qc3 50. Qe6+ Kg7 51. Qe7+ Kg8 52. Qxa7 c4 53. Qb8+ Kg7 54. Qc7+ Kg8 55. Qd8+ Kg7 56. Qe7+ Kg8 57. f5 Qd4 58.
Qe6+ Kg7 59. Qg6+ Kf8 60. Qxh6+ Ke8 61. f6 c3 62. Qg7 Qh4+ 63. Kg1 Qe1+ 64. Kh2 Qh4+ 65.
Kg1 Qe1+ 66. Kh2 Qh4+ 1/2-1/2

[Event "Early-Titled-Tuesday-Blitz-April-02-2024"]
[Site "Chess.com"]
[Date "2024.04.02"]
[Round "5"]
[White "BardArtem"]
[Black "profedechess93"]
[Result "1-0"]
[WhiteElo "2849"]
[BlackElo "2645"]
[TimeControl "180+1"]
[EndTime "8:57:05 PDT"]
[Termination "BardArtem won on time"]

1. e4 e6 2. d4 d5 3. Nc3 Nf6 4. exd5 exd5 5. Bg5 Bb4 6. Ne2 O-O 7.
a3 Be7 8. Qd2 c6 9. O-O-O b5 10.
Ng3 a5 11. Nb1 b4 12. a4 b3 13. cxb3 Na6 14. Bxa6 Rxa6 15. Rhe1 h6 16. Bf4 Rb6 17. Qc2 Bb4 18. Nc3 Be6 19. f3 Qd7 20. Be5 Nh7 21.
Re2 c5 22. dxc5 Bxc5 23. Kb1 Rc8 24. Nb5 d4 25. Qd2 Rxb5 26. axb5 Qxb5 27. Qd3 Qb4 28. Rc2 Ra8 29. Rdc1 Bf8 30. Rc4 Bxc4 31. Qxc4 Qd2 32. Nf5 Re8 33. Bxd4 a4 34. bxa4 Ng5 35. Bc3 Qxg2 36. Qg4 Qxf3 37. Qxf3 Nxf3 38. a5 Ra8 39. Kc2 g6 40. Ne3 Ng5 41. b4 Ne4 42. Kb3 Rb8 43. Nd5 f5 44. Ra1 Kf7 45. Bd2 Ke6 46. Nf4+ Kf6 47. Be1 g5 48. Nd5+ Ke5 49. Ne3 f4 50. Nc4+ Kd4 51. a6 Kd3 52. a7 Nc5+ 53. Kb2 Ra8 54.
Nb6 Ne4 55. Nxa8 Bg7+ 56. Kb3 Bxa1 57. Nb6 Bd4 58. a8=Q Bxb6 59. Qd5+ Bd4 60. Qc4+ Ke3 61. b5 f3 62. Kc2 Nc5 63. Bf2+ 1-0

[Event "Early-Titled-Tuesday-Blitz-April-02-2024"]
[Site "Chess.com"]
[Date "2024.04.02"]
[Round "5"]
[White "ural58"]
[Black "lamomiajunior"]
[Result "0-1"]
[WhiteElo "2465"]
[BlackElo "2695"]
[TimeControl "180+1"]
[EndTime "8:57:08 PDT"]
[Termination "lamomiajunior won by resignation"]

1. e4 c5 2. b3 Nc6 3. Bb2 e5 4. f4 exf4 5. Qf3 Nf6 6. Qxf4 Be7 7. e5 Nd5 8. Qe4 Nc7 9. Nc3 Ne6 10. Nf3 b6 11. Nd5 Bb7 12. Nxe7 Qxe7 13. O-O-O O-O-O 14.
Qe3 d5 15. exd6 Qxd6 16. Bc4 Rhe8 17. Rhe1 Nb4 18. a3 Nd5 19. Qf2 f6 20. Nh4 Qf4 21. Qxf4 Nexf4 22. g3 Ne6 23. Nf5 Kc7 24. g4 Bc6 25. a4 Ndf4 26. h4 Bf3 27. Rg1 Bxd1 28. Kxd1 g6 29. Ne3 Nd4 30. Rf1 g5 31. hxg5 fxg5 32.
Rh1 Nf3 33. Rxh7+ Kb8 34. Kc1 Nxd2 35. Bf6 Nxc4 36. Nxc4 Rd5 37. Rg7 Ne6 38. Rg6 Kb7 39.
Kb2 Kc7 40. Be5+ Kd7 41. Bc3 Ke7 42. Rh6 Rf8 43. Rh7+ Rf7 44. Rh8 Rf2 45. Ra8 Nd4 46.
Bxd4 Rxd4 47. Rxa7+ Ke6 48. Ra8 Rxg4 49. Nxb6 Rgg2 50.
Re8+ Kf7 51. Re4 Rxc2+ 52. Kb1 Rb2+ 53. Ka1 Ra2+ 54. Kb1 Rab2+ 55. Ka1 Rxb3 56. Nd7 Ra3+ 57. Kb1 Rh3 58. Re1 Rhh2 59. Nxc5 Kg7 60. Ne6+ Kg6 61.
Nd4 Rb2+ 62. Kc1 Ra2 63. Kb1 Rxa4 64. Re6+ Kf7 65. Rd6 Rb4+ 66. Kc1 Rc4+ 67. Kb1 Rc7 68. Nf5 Rb7+ 69. Kc1 Rbb2 70. Rc6 Rbg2 71. Kb1 Rg1+ 72. Rc1 Rxc1+ 73. Kxc1 Kf6 74. Ne3 Re2 75. Nd5+ Kf5 76.
Nc3 Re5 77. Kd1 g4 0-1

[Event "Early-Titled-Tuesday-Blitz-April-02-2024"]
[Site "Chess.com"]
[Date "2024.04.02"]
[Round "5"]
[White "the_chess_child"]
[Black "slidingknight2775"]
[Result "1-0"]
[WhiteElo "2835"]
[BlackElo "2590"]
[TimeControl "180+1"]
[EndTime "8:57:12 PDT"]
[Termination "the_chess_child won by checkmate"]

1. e4 c5 2. Nf3 d6 3. g3 Nf6 4. d3 Nc6 5. Bg2 g6 6. O-O Bg7 7. Re1 O-O 8. c3 e5 9. h3 h6 10.
a3 Be6 11. b4 b5 12. Bb2 a6 13. Nbd2 Qd7 14. Kh2 a5 15. a4 axb4 16. axb5 Rxa1 17. Qxa1 Na7 18. c4 Qb7 19. Nb3 Ra8 20. Qd1 Nd7 21. Qc2 Nc8 22. Ra1 Rxa1 23. Bxa1 Qa7 24. Qb1 Ncb6 25.
Nfd2 h5 26. h4 Nf6 27. Kg1 Ng4 28. Nf3 f6 29. Bb2 Bh6 30. Bc1 Bxc1 31. Qxc1 Qa2 32. Nfd2 Na4 33. Qb1 Qxb1+ 34. Nxb1 Nh6 35. Na5 Nf7 36.
Kf1 Nd8 37. Ke2 Kf7 38. Kd2 Ke7 39. Kc2 Kd7 40. f4 Kc7 41. Bf3 Bf7 42. Nd2 Be8 43. Nf1 Nb7 44. Nxb7 Kxb7 45. f5 g5 46. hxg5 fxg5 47. Ne3 g4 48. Bd1 Nb6 49. f6 Bg6 50.
Nf5 Bxf5 51. exf5 Nd7 52. f7 Nf8 53. f6 Kb6 54. Kd2 Ne6 55. Ke3 Kc7 56. Ke4 Kd7 57. Kf5 Nd4+ 58. Kg6 Ne6 59. Kh7 Nf8+ 60. Kh6 h4 61. Bxg4+ Kd8 62. gxh4 b3 63. Bd1 b2 64. Bc2 d5 65. cxd5 c4 66. dxc4 Kc7 67. c5 Nd7 68.
d6+ Kd8 69. Kg7 Nf8 70. Kxf8 Kd7 71. Bf5+ Kd8 72. c6 b1=Q 73. Be6 Qc1 74. c7+ Qxc7 75. dxc7+ Kxc7 76. Ke7 e4 77. f8=Q e3 78. Qd8+ Kb7 79.
Bd5+ Ka7 80. Qa5+ Kb8 81. f7 e2 82. f8=Q# 1-0

[Event "Early-Titled-Tuesday-Blitz-April-02-2024"]
[Site "Chess.com"]
[Date "2024.04.02"]
[Round "5"]
[White "moro182"]
[Black "Baku_Boulevard"]
[Result "1/2-1/2"]
[WhiteElo "2899"]
[BlackElo "3040"]
[TimeControl "180+1"]
[EndTime "8:57:16 PDT"]
[Termination "Game drawn - insufficient material"]

1. d4 d5 2. Bf4 Bf5 3. e3 e6 4. Nf3 Nf6 5. Bd3 Bg6 6. c4 Bb4+ 7. Nc3 Nbd7 8. O-O c6 9. Rc1 Bh5 10. Be2 O-O 11. a3 Bxc3 12. Rxc3 Ne4 13. Rc1 Re8 14.
h3 h6 15. Bh2 a5 16. Ne5 Bxe2 17. Qxe2 Nxe5 18. Bxe5 a4 19. f3 Nd6 20. Bxd6 Qxd6 21. Rfd1 dxc4 22. Qxc4 Ra5 23. Qb4 Qxb4 24. axb4 Rb5 25.
Rc4 Ra8 26. Ra1 Kf8 27. Kf2 Ke7 28. Ke2 h5 29. g4 hxg4 30. hxg4 Rh8 31. Rxa4 Rh2+ 32.
Kd3 Rxb2 33. Kc3 Rb1 34. Kc2 Rg1 35. Rc5 Rb6 36. b5 Rg3 37. bxc6 bxc6 38. Ra7+ Kf6 39. Kd3 Rxf3 40. Ke4 Rg3 41. Kf4 Rg1 42. Rc7 Rb2 43. Kf3 Rbb1 44. R5xc6 Rbf1+ 45. Ke2 Re1+ 46. Kf2 Ref1+ 47.
Ke2 Ra1 48. Kf3 Rgf1+ 49. Ke2 Rg1 50. Kf3 Kg6 51. d5 Raf1+ 52. Ke2 Re1+ 53. Kf2 Ref1+ 54.
Ke2 Re1+ 55. Kf2 Rgf1+ 56. Kg2 Rf6 57. dxe6 fxe6 58. Re7 Rxe3 59. Rcc7 Kg5 60. Rxg7+ Kf4 61. Rc4+ Re4 62. Rxe4+ Kxe4 63. Kg3 e5 64. g5 Rf1 65. Kg4 Rg1+ 66. Kh5 Kf5 67. Rf7+ Ke6 68. Rf6+ Kd5 69. g6 e4 70. Rf8 e3 71. Re8 Kd4 72. Kh6 Kd3 73.
g7 e2 74. Kh7 Kd2 75. Rxe2+ Kxe2 76. g8=Q Rxg8 77. Kxg8 1/2-1/2

[Event "Early-Titled-Tuesday-Blitz-April-02-2024"]
[Site "Chess.com"]
[Date "2024.04.02"]
[Round "5"]
[White "GalaxyRoman"]
[Black "TitarovVasiliYouTube"]
[Result "1/2-1/2"]
[WhiteElo "2826"]
[BlackElo "2644"]
[TimeControl "180+1"]
[EndTime "8:57:19 PDT"]
[Termination "Game drawn by repetition"]

1. e4 c5 2. Nc3 Nc6 3. f4 g6 4.
Nf3 Bg7 5. Bb5 d6 6. Bxc6+ bxc6 7. O-O Bg4 8. d3 e6 9. Qe1 Bxf3 10. Rxf3 Ne7 11.
Bd2 O-O 12. b3 f5 13. Rd1 Qd7 14. Na4 Rae8 15. Bc3 Nc8 16. Bxg7 Qxg7 17. e5 Nb6 18. Nb2 Rd8 19. Rf1 g5 20. fxg5 dxe5 21. Qc3 Nd5 22. Qxc5 Qxg5 23. Rf2 e4 24. Nc4 Nf4 25. Qe3 exd3 26.
cxd3 e5 27. Nxe5 Ne6 28. Qxg5+ Nxg5 29. Nxc6 Rd7 30. Ne5 Rd5 31. Nf3 Ne6 32. g3 Nc5 33. Re2 Rxd3 34. Rxd3 Nxd3 35. Re7 Ra8 36. Nd4 f4 37.
Nf5 fxg3 38. hxg3 a5 39. Nh6+ Kh8 40. Nf7+ Kg8 41. Nh6+ Kh8 42. Rd7 Nb4 43. a3 Na6 44. Nf7+ Kg8 45. Ng5 h6 46. Ne6 Rb8 47. Rg7+ Kh8 48.
Ra7 Rb6 49. Nd4 Nc5 50. Rxa5 Nxb3 51. Nxb3 Rxb3 52. Kg2 Kg7 53. Ra6 Rb2+ 54. Kh3 Ra2 55. a4 Ra3 56. a5 Kh7 57. Kh4 Kg7 58. g4 Ra2 59. Kg3 Ra4 60. Ra7+ Kg6 61. Ra8 Kg5 62.
Rg8+ Kf6 63. Rf8+ Kg5 64. Rf5+ Kg6 65. Kh4 Ra3 66. Rb5 Ra2 67. Rb6+ Kg7 68. a6 Ra5 69. Rb7+ Kg6 70. a7 Ra3 71. Rc7 Kf6 72. Rh7 Kg6 73. Rc7 Kf6 74. Rb7 Kg6 75. Rc7 1/2-1/2

[Event "Early-Titled-Tuesday-Blitz-April-02-2024"]
[Site "Chess.com"]
[Date "2024.04.02"]
[Round "5"]
[White "ChainedDowntohell"]
[Black "Zurability"]
[Result "1/2-1/2"]
[WhiteElo "2556"]
[BlackElo "2691"]
[TimeControl "180+1"]
[EndTime "8:57:24 PDT"]
[Termination "Game drawn by agreement"]

1. d4 Nf6 2. c4 e6 3. Nc3 Bb4 4. Qc2 O-O 5. Nf3 d6 6. Bg5 h6 7. Bh4 Nbd7 8. e4 e5 9. dxe5 dxe5 10. O-O-O c6 11. Nxe5 Qa5 12. Nxd7 Nxd7 13. a3 Bc5 14. Kb1 Qc7 15. Bg3 Qd8 16. e5 Re8 17. Ne4 Qb6 18.
Nxc5 Nxc5 19. Bd3 Nxd3 20. Qxd3 Be6 21. f4 Rad8 22. Qc2 Qc5 23. f5 Bc8 24. e6 fxe6 25.
f6 Qf5 26. fxg7 Kxg7 27. Rhf1 Qxc2+ 28. Kxc2 Rxd1 29. Be5+ Kg8 30. Rxd1 Rf8 31. Rd3 b6 32. Rg3+ Kf7 33. Rg7+ Ke8 34. Rxa7 Rf2+ 35. Kd3 Rxg2 36. Ra8 Kd7 37. Ra7+ Ke8 38. Ke3 Bd7 39. a4 Rg5 40.
Bf4 Rc5 41. b3 h5 42. Ra8+ Ke7 43. Rh8 Rf5 44. h4 e5 45. Bg5+ Kd6 46. Rxh5 Kc7 47. Rh6 Rf7 48. Rf6 Rh7 49. Rf8 b5 50. cxb5 cxb5 51.
a5 b4 52. Bf6 e4 53. Kxe4 Rh5 54. Be5+ Kb7 55. Bg3 Be6 56. Rb8+ Ka7 57. Rxb4 Rxa5 58. Ra4 Rxa4+ 59. bxa4 Ka6 60. Bc7 Bg8 61. Kf4 Bh7 62. Kg5 Kb7 63. Bf4 Ka6 64. Bd2 Bc2 65. a5 Bd3 66.
Kf6 Bc2 67. Ke5 Kb7 68. Kd4 Ka8 69. Ke5 Bb1 70. Kd6 Bc2 71. Kc5 Bb1 72. Kd4 Bh7 73.
Kc3 Bf5 74. Kd4 Bh7 75. Kc5 Bc2 76. Kd6 Bb1 77. Kd5 Bc2 78. Kd4 Bb1 79. Ke5 Bc2 80.
Kf6 Bb1 81. Ke5 Bc2 82. Kf4 Bb1 83. Ke3 Bc2 84. h5 Bb1 85. Kd4 Bh7 86. Ke5 Bc2 87. h6 Bb1 88. Kd4 Bc2 89. Kc3 Bh7 90. Kd4 Bg6 91. Kc3 Bh7 92. Kc4 Bg6 93. Kc5 Bh7 94.
Kd6 Bg8 95. Ke5 Bh7 96. Ke6 Bg8+ 97. Ke7 Bh7 98. Kf8 Bc2 99. Kg7 Bb1 100. Kf6 Bc2 101. Ke5 Bb1 1/2-1/2

[Event "Early-Titled-Tuesday-Blitz-April-02-2024"]
[Site "Chess.com"]
[Date "2024.04.02"]
[Round "5"]
[White "MaxLeto"]
[Black "tactic"]
[Result "0-1"]
[WhiteElo "2471"]
[BlackElo "2612"]
[TimeControl "180+1"]
[EndTime "8:57:26 PDT"]
[Termination "tactic won by checkmate"]

1. e4 c6 2. Nc3 d5 3. Nf3 dxe4 4. Nxe4 Nf6 5. Ng3 g6 6. b3 Bg7 7. Bb2 O-O 8. h4 Bg4 9. Be2 Nbd7 10. Ng5 Bxe2 11.
Qxe2 h6 12. Nf3 e5 13. h5 Re8 14. hxg6 fxg6 15. O-O-O Nd5 16. Nh4 Nf4 17. Qe4 Nf6 18. Qc4+ Qd5 19. Rde1 Ng4 20. f3 Nf2 21. Rhf1 N2d3+ 22. cxd3 Nxd3+ 23. Kc2 Qxc4+ 24. bxc4 Nxe1+ 25. Rxe1 Kf7 26. Ne4 Rad8 27. g3 b6 28. Ng2 g5 29. Ne3 Kg6 30. g4 Rd7 31. Nf5 Bf8 32. Rh1 b5 33. c5 Rd5 34. Nfd6 Re6 35. Bc3 Bxd6 36. cxd6 c5 37. a3 Re8 38. Rb1 Rb8 39. Rb3 Kf7 40. Ba5 Ke6 41. Bc7 Rb7 42. Rc3 c4 43. Re3 Rd4 44. Re1 Kd5 45. Rh1 Kc6 46. Rxh6 a5 47. Rh7 b4 48. axb4 axb4 49. Rh8 b3+ 50. Kb2 Ra7 51. Rb8 Ra2+ 52. Kb1 c3 53. Rb6+ Kd7 54. Nc5+ Ke8 55. Nxb3 Rdxd2 56. Nxd2 cxd2 57. Kxa2 d1=Q 58. Rb8+ Kd7 59. Rb2 Qa4+ 60. Kb1 Qd1+ 61. Ka2 Qxf3 62. Rb4 Qe2+ 63. Kb3 Qd3+ 64. Ka4 e4 65. Ka5 e3 66. Rb8 Qd2+ 67. Kb6 Qb2+ 68. Kc5 Qc3+ 69. Kd5 Qd3+ 70. Ke5 Qc3+ 71. Kd5 Qd2+ 72. Ke5 e2 73. Rd8+ Kc6 74. Kf5 e1=Q 75. Kg6 Qe6+ 76. Kg7 Qc3+ 77. Kf8 Qcf6# 0-1

[Event "Early-Titled-Tuesday-Blitz-April-02-2024"]
[Site "Chess.com"]
[Date "2024.04.02"]
[Round "5"]
[White "Aalessia"]
[Black "WilsonPalencia21"]
[Result "0-1"]
[WhiteElo "2406"]
[BlackElo "2587"]
[TimeControl "180+1"]
[EndTime "8:57:28 PDT"]
[Termination "WilsonPalencia21 won by resignation"]

1. Nf3 c5 2. c4 g6 3. Nc3 Bg7 4.
d4 Nf6 5. d5 O-O 6. e4 d6 7. h3 e6 8. Nd2 exd5 9. cxd5 a6 10. a4 Nbd7 11. Be2 h6 12. O-O Re8 13. Qc2 g5 14. Nc4 Nb6 15. Ne3 Nbd7 16. Nc4 Ne5 17. Na3 Bd7 18. Bd2 Qe7 19. a5 Ng6 20. Rfe1 g4 21.
hxg4 Bxg4 22. Nc4 Bxe2 23. Rxe2 Nh5 24. Qc1 Kh7 25. g3 Rg8 26. Kf1 Ne5 27. Ne3 Bf8 28.
Nf5 Qf6 29. Na4 Nf3 30. Nb6 Rd8 31. Be3 Rg4 32. Qc2 Qe5 33. Nc4 Qxe4 34. Qxe4 Rxe4 35. Nb6 Re5 36. g4 Nf6 37. Bf4 Rxe2 38. Kxe2 Nd4+ 39. Nxd4 cxd4 40. f3 Kg6 41. Kd3 Bg7 42. Rh1 Ne8 43.
Nc4 Bf8 44. Kxd4 Rc8 45. Re1 Nf6 46. Nxd6 Bxd6 47. Bxd6 Rd8 48. Kc5 Nd7+ 49. Kd4 Nf6 50. Kc5 Nd7+ 51. Kb4 Nf6 52. Be7 Rxd5 53. Bxf6 Kxf6 54.
Rh1 Rb5+ 55. Kc3 Kg6 56. b4 Re5 57. Kd4 Rb5 58. Kc4 f5 59. gxf5+ Rxf5 60. Rg1+ Kf6 61.
Rg3 h5 62. Kd4 Rf4+ 63. Kc3 h4 64. Rh3 Kg5 65. Kb3 Rf5 66. Kc3 Rf6 67. Kc4 Rf4+ 68. Kc5 Rf5+ 69. Kb6 Rb5+ 70. Kc7 Rxb4 71. Rh1 Kh5 72. f4 Rb5 73. f5 Kg5 74. f6 Kxf6 75. Rxh4 Ke6 76. Rh6+ Kd5 77. Rb6 Kc5 78. Rxb5+ Kxb5 79.
Kxb7 Kxa5 80. Kc6 Kb4 81. Kd5 a5 82. Kd4 a4 83. Kd3 Kb3 84. Kd2 Kb2 0-1

[Event "Early-Titled-Tuesday-Blitz-April-02-2024"]
[Site "Chess.com"]
[Date "2024.04.02"]
[Round "5"]
[White "Orest_Vovk"]
[Black "Heliosis11"]
[Result "1-0"]
[WhiteElo "2582"]
[BlackElo "2379"]
[TimeControl "180+1"]
[EndTime "8:57:28 PDT"]
[Termination "Orest_Vovk won by resignation"]

1. h4 d5 2. h5 h6 3. e4 dxe4 4. Nc3 Nf6 5. Qe2 Bg4 6. Qb5+ Nbd7 7. Qxb7 Bxh5 8. Nxe4 Nxe4 9. Rxh5 Nd6 10. Qc6 g6 11. Qc3 Nf6 12. Qc6+ Nd7 13. Rd5 Bg7 14. Bb5 Rb8 15.
Qxd7+ Qxd7 16. Bxd7+ Kxd7 17. c3 Kc6 18. Ra5 Nc4 19.
Rxa7 Nxb2 20. Bxb2 Rxb2 21. Nf3 Rd8 22. O-O-O Rdb8 23. Re1 Rb1+ 24. Kc2 R8b2+ 25. Kd3 Rxe1 26. Nxe1 Rb1 27.
Ke2 f5 28. Ra8 Bf6 29. Nd3 Rg1 30. g3 Ra1 31. a4 Kb7 32. Rg8 g5 33. Nb4 Rxa4 34.
Nd5 Ra6 35. Rg6 Rd6 36. Ne3 f4 37. gxf4 gxf4 38. Nc4 Re6+ 39. Kf3 Kc6 40. Rxh6 Kd5 41. Nb2 Be5 42. Rxe6 Kxe6 43. Nd3 Kf5 44. Nb4 Bd6 45.
Nc2 e5 46. d3 c5 47. c4 Bc7 48. Na3 e4+ 49. dxe4+ Ke5 50. Nb5 Bb8 51. Ke2 Kxe4 52. f3+ Ke5 53. Kd3 Kf5 54. Nc3 Be5 55. Ne4 Bd4 56. Nd6+ Kg5 57. Ke4 Be3 58. Nb5 Kh4 59. Nc7 Kg3 60. Nd5 Bd4 61. Ne7 Bb2 62. Nf5+ Kf2 63.
Kxf4 Ke2 64. Ke4 Kd2 65. Nd6 Bd4 66. f4 Kc3 67. f5 Kb4 68. Kd5 Ba1 69. Ne4 Bg7 70.
Nxc5 Bf8 71. Nd7 Bh6 72. f6 Ka5 73. f7 Ka6 74. f8=Q Bxf8 75. Nxf8 Kb7 76. Ne6 Kc8 77. Nf4 Kd7 78. Nd3 Kc7 79. Nf2 Kd7 80. Ne4 Kc7 81. Nd2 Kd8 82. Nb3 Kc7 83. Nc1 Kd7 84. Nd3 Kc7 85. c5 Kc8 86. c6 Kc7 87. Kc5 Kc8 88. Kd6 Kd8 89. c7+ Kc8 90. Ne1 Kb7 91. Kd7 Ka7 92. c8=Q Kb6 93. Qc6+ 1-0

[Event "Early-Titled-Tuesday-Blitz-April-02-2024"]
[Site "Chess.com"]
[Date "2024.04.02"]
[Round "5"]
[White "TERMINATOR_PC"]
[Black "Balla_Tamas"]
[Result "1-0"]
[WhiteElo "2609"]
[BlackElo "2465"]
[TimeControl "180+1"]
[EndTime "8:57:29 PDT"]
[Termination "TERMINATOR_PC won by resignation"]

1. e4 c5 2. Nf3 Nc6 3. d4 cxd4 4.
Nxd4 e5 5. Nb5 d6 6. c4 Be7 7. Be3 f5 8. exf5 Bxf5 9. Bd3 Be6 10.
N1c3 Nf6 11. O-O a6 12. Na3 O-O 13. Rc1 Qd7 14. Nc2 Rae8 15. Ne4 Ng4 16. h3 Nxe3 17. fxe3 Rxf1+ 18. Qxf1 Rf8 19. Qe2 Bf5 20. Rf1 Bd8 21.
b3 Bb6 22. Ng3 Bxd3 23. Rxf8+ Kxf8 24. Qxd3 Kg8 25. Ne4 Bc7 26. Qd5+ Kh8 27. c5 Ne7 28. Qxb7 d5 29. Nd6 h6 30. Nb4 d4 31. exd4 exd4 32. Nd5 d3 33. Nxe7 d2 34. Qd5 Qxe7 35. Qxd2 Qh4 36.
Qd5 Qe1+ 37. Kh2 Qc1 38. Qa8+ Kh7 39. Qe4+ Kh8 40. Qe5 Qc2 41. Nf7+ Kg8 42. Qxc7 Qxa2 43. Ne5 Qxb3 44. c6 Qe3 45. Qf7+ Kh8 46. Qf5 Qb6 47. Qe6 a5 48. Ng6+ Kh7 49. Nf4 a4 50.
Nd5 Qa6 51. Qf5+ Kg8 52. c7 Qd6+ 53. Nf4 Qxc7 54. Kg3 a3 55. Qe6+ Kh8 56. Qe8+ Kh7 57. Qe4+ Kh8 58. Qa8+ Kh7 59. Qxa3 g5 60. Qd3+ Kh8 61.
Qd4+ Kh7 62. Qe4+ Kh8 63. Kg4 gxf4 64. Qxf4 Qg7+ 65. Kf3 Qb7+ 66. Kg3 Qb3+ 67. Kh4 Qe6 68. g4 Kh7 69. Qf5+ Qxf5 70. gxf5 Kg7 71. Kg4 Kf6 72.
Kf4 h5 73. h4 Kf7 74. Kg5 Kg7 75. Kxh5 Kf6 76. Kg4 Kf7 77. Kg5 Kg7 78. h5 Kf7 79. h6 Kg8 80. Kg6 Kh8 81. f6 Kg8 82. f7+ Kf8 83.
h7 1-0